 Dungeon Crawl Stone Soup version 0.31.0-32-g396128a36d (webtiles) character file.

Game seed: 8432412506566838918

27 nel the Grave Robber (level 2, -2/19 HPs)
             Began as a Demonspawn Necromancer on Apr 10, 2024.
             Killed from afar by an orc wizard (14 damage)
             ... with a puff of flame
             ... on level 2 of the Dungeon.
             The game lasted 00:02:22 (928 turns).

nel the Grave Robber (Demonspawn Necromancer)        Turns: 928, Time: 00:02:28

Health: -2/19      AC:  3    Str:  8    XL:     2   Next: 93%
Magic:  4/5        EV: 12    Int: 15    God:
Gold:   21         SH:  0    Dex: 13    Spells: 4/5 levels left

rFire   . . .        c - +0 long sword
rCold   . . .        (no shield)
rNeg    . . .        a - +0 robe
rPois   .            (no helmet)
rElec   .            e - +0 cloak
rCorr   .            (no gloves)
SInv    .            (no boots)
Will    .....        (no amulet)
Stlth   +            (no ring)
HPRegen 0.23/turn    (no ring)
MPRegen 0.09/turn

%: no passive effects
@: confused
A: demonic magic 1
a: no special abilities


You were on level 2 of the Dungeon.
You visited 1 branch of the dungeon, and saw 2 of its levels.

You collected 21 gold pieces.

Inventory:

Hand Weapons
 c - a +0 long sword (weapon)
Missiles
 d - 4 poisoned darts (quivered)
Armour
 a - a +0 robe (worn)
 e - a +0 cloak (worn)
Scrolls
 f - a scroll of blinking {unknown}
Potions
 b - a potion of magic


   Skills:
 + Level 1.1 Long Blades
 + Level 2.2 Dodging
 - Level 2.0 Stealth
 - Level 2.0 Spellcasting
 + Level 4.7 Necromancy


You had 4 spell levels left.
You knew the following spells:

 Your Spells              Type           Power      Damage    Failure   Level
a - Necrotise             Necr           60%        1d7       3%          1

Your spell library contained the following spells:

 Spells                   Type           Power      Damage    Failure   Level
 Vampiric Draining        Necr           15%        2d7       10%         3
 Animate Dead             Necr           15%        N/A       32%         4
 Curse of Agony           Necr           15%        N/A       65%         5


Dungeon Overview and Level Annotations

Branches:
Dungeon (2/15)

Altars:


Innate Abilities, Weirdness & Mutations

Spells you cast may paralyse adjacent enemies.


Message History

The orc wizard shouts!
You hear a shout! x3
Throw: 5 darts (poison)
Press: ? - help, Q - select action, (/) - cycle Shift-Dir - straight line, f - orc wizard
Aim: an orc wizard, wielding a +0 dagger and wearing a +0 robe (43% to hit)
You throw a poisoned dart.
The poisoned dart barely misses the orc wizard.
Casting: Necrotise (safe; 3% risk of failure)
Confirm with . or Enter, or press ? or * to list all spells.
Aiming: Necrotise (safe; 3% risk of failure)
Press: ? - help, Shift-Dir - straight line, f/p - orc wizard
Aim: an orc wizard, wielding a +0 dagger and wearing a +0 robe (chance to affect: 72%)
The orc wizard writhes in agony.
Malevolent energies surge around you.
The orc wizard gestures at you while chanting.
You are confused.
Okay, then.
Unknown command.
Unknown command.
You barely miss the orc wizard.
The orc wizard is lightly wounded.
The orc wizard barely misses you.
You're too confused to cast spells.
Sorry, you're not good enough to have a special ability.
Unknown command.
Unknown command.
Unknown command.
You slash the orc wizard!
The orc wizard is severely wounded.
The orc wizard gestures at you while chanting.
The puff of flame misses you.
You bump into the rock wall.
The orc wizard casts a spell at you. The puff of flame hits you!
You bump into the rock wall.
The orc wizard barely misses you.
You closely miss the orc wizard.
The orc wizard is severely wounded.
The orc wizard hits you with a +0 dagger.
The orc wizard gestures at you while chanting.
The puff of flame hits you!
Ouch! That really hurt!
You die...

. ... ###..#
###.....#
#...#..# #
#.....## #.
#.<....#
####(.##...####
......o@.###
##########


You could see an orc wizard.

Vanquished Creatures
  A dart slug (D:1)
  A ball python (D:1)
  A bat (D:1)
  3 endoplasms (D:1)
  A hobgoblin (D:1)
  4 jackals (D:1)
  2 quokkas (D:1)
  2 frilled lizards (D:1)
  3 kobolds (D:1)
  4 rats (D:1)
22 creatures vanquished.

Notes
Turn   | Place    | Note
-------+----------+-------------------------------------------
     0 | D:1      | nel the Demonspawn Necromancer began the quest for the Orb.
     0 | D:1      | Reached XP level 1. HP: 13/13 MP: 3/3
   111 | D:1      | Gained mutation: Spells you cast may paralyse adjacent
                  | enemies. [demonic ancestry]
   111 | D:1      | Reached XP level 2. HP: 19/19 MP: 5/5
   326 | D:1      | Reached skill level 1 in Long Blades
   928 | D:2      | Killed from afar by an orc wizard

Illustrated notes

Levels and vault maps discovered:
D:1:      dpeg_arrival_central, layout_basic
D:2:      layout_rooms, wander_ebering_terrifying_dragon_lair

Skill      XL: |  1  2 |
---------------+-------+-----
Stealth        | 2 |  2.0
Dodging        | 2 |  2.2
Long Blades    | 1 |  1.1
Spellcasting   | |  2.0
Necromancy     | |  4.7

Action                     || total
---------------------------++-------
  Melee: Long sword        ||    69
         Punch             ||     2
  Throw: Dart              ||     1
   Cast: Necrotise         ||     3
   Stab: Sleeping          ||     3
 Armour: Robe              ||    38
  Dodge: Dodged            ||    41
